 Dungeon Crawl Stone Soup version 0.14.1-24-gbdbe590 (webtiles) character file.

193 cyka44 the Cudgeler (level 4, -2/28 HPs)
             Began as a Gargoyle Fighter on June 24, 2014.
             Killed from afar by Sigmund (4 damage)
             ... with a puff of flame
             ... on Level 3 of the Dungeon.
             The game lasted 00:16:02 (2211 turns).

cyka44 the Cudgeler (Gargoyle Fighter)              Turns: 2211, Time: 00:16:02

HP  -2/28        AC 11     Str 25      XL: 4   Next: 87%
MP   4/4         EV 12     Int  9      God:
Gold 85          SH 20     Dex 14      Spells:  0 memorised,  3 levels left

rFire  . . .     SeeInvis .     a - +0,+1 flail
rCold  . . .     Clarity  .     b - +0 scale mail
rNeg   + . .     Conserve .     c - +0 shield
rPois  +         rCorr    .     (no helmet)
rElec  +         rRot     +     y - +0 cloak
SustAb . .       Spirit   .     (no gloves)
rMut   .         Warding  .     (no boots)
Saprov . . .     Stasis   .     (no amulet)
MR     .....                    (no ring)
                                (no ring)

@: mighty, agile, not resistant to hostile enchantments, very unstealthy
A: life protection 1, electricity resistance, unbreathing, petrification
resistance, AC +3
a: no special abilities


You were on level 3 of the Dungeon.
You were not hungry.

You visited 1 branch of the dungeon, and saw 3 of its levels.

You collected 85 gold pieces.

Inventory:

Hand weapons
 a - a +0,+1 flail (weapon)
 h - a +0,+0 sling
 u - a +0,+0 hammer
 x - a +1,+0 mace
Missiles
 j - 38 darts
 p - a throwing net (quivered)
 q - 21 sling bullets
 A - 6 needles of frenzy
Armour
 b - a +0 scale mail (worn)
 c - a +0 shield (worn)
 k - a +0 ring mail
 y - a +0 cloak (worn)
Comestibles
 d - 4 bread rations
 m - a rotting chunk of jackal flesh
 s - a lemon
 v - 2 rotting chunks of jackal flesh
 B - a chunk of goblin flesh
 C - 2 chunks of quokka flesh
Scrolls
 i - a scroll of recharging {unknown}
 n - 3 scrolls of remove curse {unknown}
 o - 2 scrolls of identify {unknown}
 t - a scroll of random uselessness {unknown}
 w - a scroll of magic mapping {unknown}
Potions
 e - a potion of might


   Skills:
 - Level 3.2 Fighting
 + Level 5.4 Maces & Flails
 - Level 3.2 Armour
 - Level 3.2 Shields


You had 3 spell levels left.
You didn't know any spells.

Dungeon Overview and Level Annotations

Branches:
Dungeon (3/15)

Altars:
Elyvilon
Fedhas

Annotations:
D:3 Sigmund


Innate Abilities, Weirdness & Mutations

You are resistant to torment.
You are immune to poison.
You are immune to rotting.
Your stone body is very resilient (AC +3).
You resist negative energy.
You are resistant to electric shocks.
You can survive without breathing.
You are immune to petrification.


Message History

Something hits you. Something hits you but does no damage.
The magic dart hits you! Something hits you.
You see here a quokka skeleton.
Clearing level map.
The puff of flame hits you!
* * * LOW HITPOINT WARNING * * *
Unknown command.
The magic dart hits you!
* * * LOW HITPOINT WARNING * * *
You feel refreshed.
It was a potion of restore abilities.
You feel agile all of a sudden.
It was a potion of agility.
Sigmund appears from thin air!
Reactivating autopickup.
Things that are here:
a giant newt skeleton; a club; a leather armour Sigmund casts a spell at you.
The puff of flame hits you!
You die...

...........%.........#
##########.####.........
#.# ######### #.# #@#
#.# #.# ############%#
............@#
#..........#
#..........######
#.<........(....#
##########.####.# #.#
#.# #.# #.#


You could see Sigmund.

Vanquished Creatures
  Crazy Yiuf (D:2)
  2 worms (D:2)
  A giant mite (D:2)
  2 orcs (D:3)
  2 giant cockroaches (D:1)
  8 hobgoblins
  12 jackals
  3 kobolds (D:2)
  A quokka (D:3)
  A ball python (D:1)
  7 bats
  6 giant newts
  7 goblins
  3 rats
56 creatures vanquished.

Notes
Turn   | Place    | Note
--------------------------------------------------------------
     0 | D:1      | cyka44, the Gargoyle Fighter, began the quest for the Orb.
     0 | D:1      | Reached XP level 1. HP: 14/14 MP: 1/1
   307 | D:1      | Reached XP level 2. HP: 17/19 MP: 2/2
   889 | D:1      | Reached XP level 3. HP: 23/23 MP: 3/3
  1229 | D:2      | Reached skill level 4 in Maces & Flails
  1362 | D:2      | Noticed Crazy Yiuf
  1375 | D:2      | Killed Crazy Yiuf
  1375 | D:2      | Reached XP level 4. HP: 28/28 MP: 4/4
  1456 | D:2      | Found a blossoming altar of Fedhas.
  1544 | D:2      | Reached skill level 5 in Maces & Flails
  2165 | D:3      | Found a white marble altar of Elyvilon.
  2171 | D:3      | Noticed Sigmund
  2206 | D:3      | HP: 1/28 [something/magic dart (4)]
  2211 | D:3      | Killed from afar by Sigmund

Action                   |  1- 3 |  4- 6 || total
-------------------------+-------+-------++-------
Melee: Flail             |   110 |    92 ||   202
  Use: Potion            |       |     4 ||     4
       Scroll            |       |     1 ||     1
